 Dungeon Crawl Stone Soup version 0.28-a0-1594-ga885d4b3d6 (webtiles) character file.

Game seed: 16850693644717458749

3144 lunkers the Geomancer (level 9, -18/61 HPs)
             Began as a Vampire Earth Elementalist on Jan 20, 2022.
             Was an Initiate of Ashenzari.
             Killed from afar by Maggie (23 damage)
             ... with a bolt of fire
             ... on level 8 of the Dungeon.
             The game lasted 00:12:34 (8745 turns).

lunkers the Geomancer (Vampire Earth Elementalist)  Turns: 8745, Time: 00:12:35

Health: -18/61     AC:  2    Str:  7    XL:     9   Next: 62%
Magic:  1/19       EV: 13    Int: 27    God:    Ashenzari [......]
Gold:   499        SH:  0    Dex: 15    Spells: 12/22 levels left

rFire   . . .      SeeInvis +   j - +2 short sword (vamp)
rCold   . . .      Faith    .   (no shield)
rNeg    . . .      Spirit   .   b - +0 robe
rPois   .          Reflect  .   (no helmet)
rElec   .          Harm     .   (no cloak)
rCorr   .          Rampage  .   (no gloves)
Will    .....                   (no boots)
Stlth   ++........              (no amulet)
HPRegen 0.40/turn               u - ring of flight
MPRegen 0.16/turn               a - ring "Shattered With Me" {Int+6, Fort, Evo} (curse)

@: flying, healing quickly
A: alive, fangs 3, see invisible, vampiric 2
a: Exsanguinate, Renounce Religion, Shatter the Chains


You were on level 8 of the Dungeon.
You worshipped Ashenzari.
Ashenzari was noncommittal.
You visited 2 branches of the dungeon, and saw 9 of its levels.

You collected 499 gold pieces.

Inventory:

Hand Weapons
 e - a +0 dagger
 j - a +2 vampiric short sword (weapon)
 t - a +1 short sword of freezing
 x - a +1 short sword of venom
Missiles
 c - 83 stones
 k - 2 throwing nets
Armour
 b - a +0 robe (worn)
Jewellery
 a - the cursed ring "Shattered With Me" (right hand) {Int+6, Fort, Evo}
   (You found it on level 7 of the Dungeon)

   [ring of intelligence]

   Int:       It affects your intelligence (+6).
   It has a curse which improves the following skills: Fortitude: Armour and
   Shields.
   Evocations: Evocations.
 u - a ring of flight (left hand)
 D - a ring of ice
Wands
 q - a wand of polymorph (18)
 v - a wand of mindburst (14)
 A - a wand of paralysis (8)
Scrolls
 d - a scroll of vulnerability
 f - 2 scrolls of enchant weapon {unknown}
 g - a scroll of silence
 h - a scroll of magic mapping
 i - a scroll of holy word {unknown}
 n - 2 scrolls of immolation {unknown}
 r - a scroll of fear {unknown}
 s - a scroll of teleportation {unknown}
 w - a scroll of acquirement {unknown}
 y - 2 scrolls of blinking {unknown}
 z - a scroll of enchant armour {unknown}
Potions
 l - 3 potions of heal wounds
 m - a potion of haste
 o - a potion of magic
 p - 3 potions of curing
 B - a potion of flight
 C - a potion of lignification {unknown}


   Skills:
 + Level 2.1 Fighting
 + Level 3.5 Dodging
 - Level 3.0 Stealth
 + Level 7.0 Spellcasting
 + Level 2.5 Transmutations
 * Level 10.9 Earth Magic


You had 12 spell levels left.
You knew the following spells:

 Your Spells              Type           Power      Damage    Failure   Level
a - Stone Arrow           Conj/Erth      78%        3d11      1%          3
b - Passwall              Tmut/Erth      37%        N/A       1%          2
c - Sandblast             Erth           100%       2d20      1%          1
d - Petrify               Tmut/Erth      45%        N/A       3%          4

Your spell library contained the following spells:

 Spells                   Type           Power      Damage    Failure   Level
 Corpse Rot               Necr/Air       18%        N/A       9%          2
 Poisonous Vapours        Pois/Air       18%        N/A       9%          2
 Ozocubu's Armour         Ice            9%         N/A       17%         3
 Metabolic Englaciation   Hex/Ice        4%         N/A       85%         5
 Simulacrum               Ice/Necr       4%         N/A       100%        6


Dungeon Overview and Level Annotations

Branches:
Dungeon (8/15)             Temple (1/1) D:7
   Lair: D:8-11

Altars:
Ashenzari
Cheibriados
Dithmenos
Elyvilon
Fedhas
Gozag
Hepliaklqana
Kikubaaqudgha
Makhleb
Nemelex Xobeh
Qazlal
Ru
Sif Muna
Trog
Uskayaw
Vehumet
Wu Jian
Xom
Yredelemnul
Zin
The Shining One

Shops:
D:4 *

Annotations:
D:8 Maggie


Innate Abilities, Weirdness & Mutations

Your natural rate of healing is accelerated.
You have razor-sharp teeth.
You have supernaturally acute eyesight. (SInv)
You are afflicted with vampirism and can become a bat while bloodless.


Message History

Confirm with . or Enter, or press ? or * to list all spells.
Aiming: Sandblast (safe; 1% risk of failure)
Press: ? - help, Shift-Dir - straight line, f/p - Maggie
Aim: Maggie, wielding a +0 scimitar and wearing +0 steam dragon scales (moderately wounded, 84% to hit)
The blast of sand hits Maggie!
Maggie is heavily wounded.
* * * LOW MAGIC WARNING * * *
Maggie casts a spell at you. The bolt of fire hits you!!
* * * LOW HITPOINT WARNING * * *
Casting: Sandblast (safe; 1% risk of failure)
Confirm with . or Enter, or press ? or * to list all spells.
Aiming: Sandblast (safe; 1% risk of failure)
Press: ? - help, Shift-Dir - straight line, f/p - Maggie
Aim: Maggie, wielding a +0 scimitar and wearing +0 steam dragon scales (heavily wounded, 84% to hit)
The blast of sand hits Maggie!
Maggie is severely wounded.
* * * LOW MAGIC WARNING * * *
Maggie barely misses you.
Casting: Sandblast (safe; 1% risk of failure)
Confirm with . or Enter, or press ? or * to list all spells.
Aiming: Sandblast (safe; 1% risk of failure)
Press: ? - help, Shift-Dir - straight line, f/p - Maggie
Aim: Maggie, wielding a +0 scimitar and wearing +0 steam dragon scales (severely wounded, 84% to hit)
The blast of sand hits Maggie.
Maggie is severely wounded.
* * * LOW MAGIC WARNING * * *
Maggie barely misses you.
Unknown command.
Casting: Sandblast (safe; 1% risk of failure)
Confirm with . or Enter, or press ? or * to list all spells.
Aiming: Sandblast (safe; 1% risk of failure)
Press: ? - help, Shift-Dir - straight line, f/p - Maggie
Aim: Maggie, wielding a +0 scimitar and wearing +0 steam dragon scales (severely wounded, 84% to hit)
The blast of sand misses Maggie.
* * * LOW MAGIC WARNING * * *
Maggie says, "Did Master Lance send you?"
Maggie points at you and mumbles some strange words.
The bolt of fire hits you!!
You die...

#...# #######
#...# .. #...# .#
#..)# #.###
#...#######....#
####)..........#
#...........##
#).....@......
##)....@.)...#
#............#
#............#
#####....###...###
###........# ...#
#_#........# ...#
##.##.....### ####
#...#...[.#
##...##....#


You could see Maggie.

Vanquished Creatures
  Prince Ribbit (D:5)
  Sigmund (D:4)
  4 yaks
  An acid dragon (D:5)
  A water moccasin (D:5)
  4 black bears
  An orc warrior (D:7)
  2 ogres (D:5)
  A kobold brigand (D:6)
  3 bullfrogs
  A wyvern zombie (D:8)
  2 scorpions
  A water moccasin zombie (D:6)
  5 wights (D:8)
  A bullfrog skeleton (D:6)
  3 hounds
  4 orc priests
  2 centaur skeletons (D:7)
  7 iguanas
  A hound skeleton (D:5)
  A gnoll (D:3)
  7 adders
  2 shadow imps
  An adder skeleton (D:5)
  2 worms
  2 dart slugs
  15 orcs
  5 bats
  4 endoplasms
  7 goblins
  2 hobgoblins
  9 jackals
  6 quokkas
  5 ball pythons
  13 frilled lizards
  11 kobolds
  9 rats
147 creatures vanquished.

Vanquished Creatures (others)
  5 plants (D:6)
5 creatures vanquished.

Grand Total: 152 creatures vanquished

Notes
Turn   | Place    | Note
-------+----------+-------------------------------------------
     0 | D:1      | lunkers the Vampire Earth Elementalist began the quest for
                  | the Orb.
     0 | D:1      | Reached XP level 1. HP: 13/13 MP: 3/3
   292 | D:1      | Reached XP level 2. HP: 19/19 MP: 1/5
   868 | D:1      | Learned a level 2 spell: Passwall
  1102 | D:2      | Gained mutation: You are afflicted with vampirism and can
                  | become a bat while bloodless. [Vampire growth]
  1102 | D:2      | Reached XP level 3. HP: 24/24 MP: 4/6
  1106 | D:2      | Learned a level 3 spell: Stone Arrow
  1307 | D:2      | Reached skill level 4 in Earth Magic
  1543 | D:3      | Reached XP level 4. HP: 30/30 MP: 3/8
  2334 | D:3      | Reached skill level 5 in Earth Magic
  2385 | D:3      | Reached XP level 5. HP: 27/35 MP: 9/9
  2616 | D:3      | Found a faded altar of an unknown god.
  2616 | D:3      | Noticed an ice devil
  2635 | D:4      | Noticed Sigmund
  2764 | D:4      | Killed Sigmund
  2765 | D:4      | Reached skill level 6 in Earth Magic
  2765 | D:4      | Reached XP level 6. HP: 15/41 MP: 6/11
  3013 | D:4      | Found Ohoa's Overcharged Wands.
  3520 | D:5      | Entered Level 5 of the Dungeon
  3539 | D:5      | Noticed an acid dragon
  3547 | D:5      | Killed an acid dragon
  3570 | D:5      | Reached XP level 7. HP: 32/46 MP: 0/13
  3622 | D:5      | Reached skill level 7 in Earth Magic
  3915 | D:5      | Reached skill level 5 in Spellcasting
  4084 | D:5      | Reached skill level 8 in Earth Magic
  4379 | D:5      | Reached XP level 8. HP: 24/52 MP: 1/15
  4992 | D:5      | Noticed Prince Ribbit
  4995 | D:5      | Killed Prince Ribbit
  4996 | D:5      | Reached skill level 9 in Earth Magic
  5247 | D:6      | Learned a level 4 spell: Petrify
  5872 | D:6      | Found a shimmering blue altar of Sif Muna.
  5876 | D:6      | Found an opulent altar of Gozag.
  6222 | D:6      | Reached skill level 10 in Earth Magic
  6492 | D:6      | Reached XP level 9. HP: 57/57 MP: 11/18
  6831 | D:7      | Found a staircase to the Ecumenical Temple.
  6840 | Temple   | Entered the Ecumenical Temple
  7053 | Temple   | Became a worshipper of Ashenzari the Shackled
  7982 | D:8      | Reached skill level 1 in Fighting
  8708 | D:8      | Found a shadowy altar of Dithmenos.
  8735 | D:8      | Noticed Maggie
  8745 | D:8      | Killed from afar by Maggie

Illustrated notes

Levels and vault maps discovered:
D:1:      noname_arrival_rooms_in_the_neighbourhood, layout_basic
D:2:      layout_basic
D:3:      layout_basic, dreamdust_ecumenical_altar_sealed_demon,
          minmay_quantized
D:4:      layout_cave_pools, minivault_24, nicolae_shop_overcharged_wands,
          uniq_sigmund
D:5:      layout_basic, grunt_ministairs_11, uniq_prince_ribbit1
D:6:      layout_basic, grunt_temple_overflow_open, gup_sewer_entry_bowl,
          minmay_lizard_king
D:7:      layout_basic, minmay_temple_entry_antechambers
D:8:      layout_basic, minmay_overflow_temple_star_quad,
          minmay_lair_entry_lava, uniq_maggie, uniq_psyche
Temple:   regret_index_temple_sphere_string

Skill      XL: |  1  2  3  4  5  6  7  8  9 |
---------------+----------------------------+-----
Earth Magic    | 4 5 6 8 10 | 10.9
Spellcasting   | 3 4 5 6 7 |  7.0
Fighting       | 2 |  2.1
Dodging        | 3 |  3.5
Transmutations | 2 |  2.5
Stealth        | |  3.0

Action                   |  1- 3 |  4- 6 |  7- 9 || total
-------------------------+-------+-------+-------++-------
Melee: Short sword       |       |    72 |    35 ||   107
       Bite              |       |    10 |     7 ||    17
       Punch             |       |     1 |       ||     1
 Cast: Sandblast         |    43 |    16 |    22 ||    81
       Stone Arrow       |       |    13 |   126 ||   139
       Petrify           |       |       |     3 ||     3
Invok: Curse Item        |       |       |     1 ||     1
  Use: Scroll            |       |     5 |     3 ||     8
 Stab: Sleeping          |       |     2 |       ||     2
       Petrified         |       |       |    15 ||    15
Armor: Robe              |     3 |    14 |     5 ||    22
Dodge: Dodged            |     8 |    51 |    35 ||    94

Table legend: (Time is in decaauts)
 A = Elapsed time spent in this place.
 B = Non-inter-level travel time spent in this place.
 C = Inter-level travel time spent in this place.
 D = Time resting spent in this place.
 E = Time spent auto-exploring this place.
 F = Levels seen in this place.
 G = Mean time per level.
                   A        B        C        D        E       F      G
               +--------+--------+--------+--------+--------+-----+--------+
         Total |   8758 |   8487 |    271 |    289 |   7136 |   9 |  973.1 |
       Dungeon |   8531 |   8287 |    244 |    289 |   6981 |   8 | 1066.4 |
        Temple |    226 |    199 |     27 |      0 |    155 |   1 |  226.0 |
               +--------+--------+--------+--------+--------+-----+--------+

Top non-repeatable levels by time:
     D:5: 1825 daAuts
     D:6: 1360 daAuts
     D:3: 1222 daAuts
     D:7: 1139 daAuts
     D:1: 892 daAuts
     D:4: 777 daAuts
     D:8: 677 daAuts
     D:2: 636 daAuts
  Temple: 226 daAuts
